 Dungeon Crawl Stone Soup version 0.21.1-1-g345015f (webtiles) character file.

22 tyranidshit the Skirmisher (level 2, 0/25 HPs)
             Began as a Demonspawn Abyssal Knight on July 26, 2018.
             Was a Follower of Lugonu.
             Succumbed to an orc's poison
             ... on level 2 of the Dungeon.
             The game lasted 00:04:37 (1277 turns).

tyranidshit the Skirmisher (DsAK)                   Turns: 1277, Time: 00:04:38

Health: 0/25       AC: 12    Str: 12    XL:     2   Next: 68%
Magic:  3/3        EV:  3    Int: 13    God:    Lugonu [*.....]
Gold:   99         SH:  0    Dex: 12    Spells: 1/1 levels left

rFire    . . .     SeeInvis .   c - +0 hand axe (elec)
rCold    . . .     Gourm    .   (no shield)
rNeg     . . .     Faith    .   h - +0 plate armour
rPois    .         Spirit   .   k - +0 helmet
rElec    .         Reflect  .   g - +0 cloak
rCorr    +         Harm     .   (no gloves)
MR       +....                  (no boots)
Stlth    ..........             (no amulet)
HPRegen  0.08/turn              f - ring of protection from magic
MPRegen  0.08/turn              l - ring of resist corrosion

@: lethally poisoned (0 -> -4), flying, hasted, very quick
A: talons 1
a: Depart the Abyss, Renounce Religion


You were on level 2 of the Dungeon.
You worshipped Lugonu.
Lugonu was aware of your devotion.
You were not hungry.

You visited 1 branch of the dungeon, and saw 2 of its levels.
You visited the Abyss 1 time.

You collected 99 gold pieces.

Inventory:

Hand Weapons
 a - a +1 hand axe
 c - a +0 hand axe of electrocution (weapon)
 e - a +0 glaive
Armour
 b - a +0 leather armour
 g - a +0 cloak (worn)
 h - a +0 plate armour (worn)
 k - a +0 helmet (worn)
Jewellery
 f - a ring of protection from magic (left hand)
 l - a ring of resist corrosion (right hand)
Scrolls
 d - a scroll of identify
Potions
 i - 2 potions of haste
 j - a potion of brilliance


   Skills:
 + Level 4.0 Fighting
 - Level 1.7 Axes
 - Level 1.7 Armour
 - Level 0.8 Dodging
 - Level 2.4 Invocations


You had one spell level left.
You didn't know any spells.

Dungeon Overview and Level Annotations

Branches:
Dungeon (2/15)

Altars:


Innate Abilities, Weirdness & Mutations

You have sharp toenails.


Message History

The kobold is moderately wounded.
The kobold hits you but does no damage.
You hit the kobold.
You kill the kobold!
Lugonu accepts your kill.
* * * LOW HITPOINT WARNING * * *
You feel sick.
Your plate armour prevents you from hitting the rat.
You claw the rat.
The rat is moderately wounded.
The rat bites you but does no damage.
You hit the rat.
You kill the rat!
Lugonu accepts your kill.
* * * LOW HITPOINT WARNING * * *
You feel sick.
Unknown command.
* * * LOW HITPOINT WARNING * * *
You feel sick.
You die...

####(......# ..#
...#.......##...
###...............
..................
..................
.....#............
........<(........
.......).(........
.......@..........
......†...........
......#..........#
.....##..(.......#
..... #..(........
.### #......>....
##.(.....###
##......#
#.....#.#


There were no monsters in sight!

Vanquished Creatures
  A leopard gecko (D:1)
  4 orcs
  2 goblins (D:1)
  A frilled lizard (D:1)
  5 kobolds
  5 rats
18 creatures vanquished.

Notes
Turn   | Place    | Note
-------+----------+-------------------------------------------
     0 | Abyss:1  | tyranidshit the Demonspawn Abyssal Knight began the quest for the Orb.
     0 | Abyss:1  | Reached XP level 1. HP: 18/18 MP: 2/2
    38 | Abyss:1  | Noticed a tentacled starspawn
   111 | Abyss:4  | Found a corrupted altar of Lugonu.
   167 | Abyss:4  | Noticed a crimson imp
   167 | Abyss:4  | Noticed an ancient zyme
   168 | Abyss:4  | Noticed a crimson imp
   168 | Abyss:4  | Noticed a crimson imp
   171 | Abyss:4  | Noticed an ancient zyme
   187 | Abyss:4  | Noticed a hell hound
   187 | D:1      | Escaped the Abyss
   389 | D:1      | Gained mutation: You have sharp toenails. [demonic ancestry]
   389 | D:1      | Reached XP level 2. HP: 17/24 MP: 3/3
   403 | D:1      | Reached * piety under Lugonu
  1240 | D:2      | Reached skill level 4 in Fighting
  1272 | D:2      | HP: 1/25 [poisoned by an orc]
  1277 | D:2      | Succumbed to an orc's poison

Skill      XL: |  1  2 |
---------------+-------+-----
Fighting       | 4 |  4.0
Axes           | |  1.7
Armour         | |  1.7
Dodging        | |  0.8
Invocations    | |  2.4

Action                   || total
-------------------------++-------
Melee: Hand axe          ||    46
       Glaive            ||     9
       Kick              ||     7
Invok: Depart the Abyss  ||     1
  Use: Scroll            ||     4
       Potion            ||     3
  Eat: Ration            ||     1
Armor: Plate armour      ||    60
Dodge: Dodged            ||    12
